| TOP OF THE 1ST |
|
Montreal Expos batting - Pitching for New York Yankees : RHP Bryce Cleavinger
|
|
Pitching: RHP Bryce Cleavinger
|
|
|
Batting: LHB Bill McGregor
|
0-0: SINGLE (Line Drive, 6MD, EV 93.8 MPH)
|
|
Batting: LHB Mark Marvin
|
0-0: Foul Ball, location: 2F 0-1: Ball 1-1: DOUBLE (Groundball, 3L, EV 101.2 MPH) Bill McGregor to third Runner from 3rd tries for Home, SAFE, throw by RF to trailing runner, SAFE at third!
|
|
Batting: SHB Joey Pacheco
|
0-0: Ball 1-0: Ball 2-0: Called Strike 2-1: Ball 3-1: Base on Balls
|
|
Batting: LHB Austin Ohmer
|
0-0: Ball 1-0: Ball 2-0: Foul Ball, location: 2F 2-1: Called Strike Joey Pacheco steals 2nd base 2-2: 3-RUN HOME RUN (Flyball, 7LD, EV 93.8 MPH), Distance : 351 ft
|
|
Batting: RHB Steve French
|
0-0: Ball 1-0: Foul Ball, location: 2F 1-1: Foul Ball, location: 2F 1-2: Ball 2-2: Fly out, F8 (Flyball, 78S, EV 91.2 MPH)
|
|
Batting: SHB Lou Kroneman
|
0-0: Called Strike 0-1: Ball 1-1: Ball 2-1: Ground out U3 (Groundball, 23, EV 85.6 MPH)
|
|
Batting: RHB John Ham
|
0-0: SINGLE (Line Drive, 7S, EV 111.9 MPH)
|
|
Batting: RHB Tommie Eaton
|
0-0: Swinging Strike 0-1: Ball 1-1: Swinging Strike 1-2: Ball 2-2: Strikes out swinging
|
| Top of the 1st over - 4 runs, 4 hits, 0 errors, 1 left on base; Montreal 4 - New York 0 |
| BOTTOM OF THE 1ST |
|
New York Yankees batting - Pitching for Montreal Expos : LHP Brian White
|
|
Pitching: LHP Brian White
|
|
|
Batting: RHB Russ Shambaugh
|
0-0: Called Strike 0-1: Ball 1-1: Ball 2-1: SINGLE (Groundball, 56D, EV 105.0 MPH)
|
|
Batting: RHB Jeckel Hester
|
0-0: Ball 1-0: Ball 2-0: Ball 3-0: Called Strike 3-1: Foul Ball, location: 2F 3-2: Foul Ball, location: 2F 3-2: Base on Balls Russ Shambaugh to second
|
|
Batting: SHB Bartholomeu Chambino
|
0-0: Ball 1-0: Ball 2-0: Called Strike 2-1: Ball 3-1: Foul Ball, location: 2F 3-2: Base on Balls Russ Shambaugh to third Jeckel Hester to second
|
|
Batting: RHB Larry Martell
|
0-0: SINGLE (Groundball, 6M, EV 105.0 MPH) (infield hit) Russ Shambaugh scores Jeckel Hester to third Bartholomeu Chambino to second
|
|
Batting: SHB Gus Berry
|
0-0: Ball 1-0: Called Strike 1-1: Ball 2-1: Foul Ball, location: 2F 2-2: Strikes out looking
|
|
Batting: RHB Shiro Suehiro
|
0-0: Ball 1-0: Foul Ball, location: 2F 1-1: Ball 2-1: SINGLE (Groundball, 6S, EV 64.4 MPH) (infield hit) Jeckel Hester scores Bartholomeu Chambino to third Larry Martell to second
|
|
Batting: SHB Mukhtar Wa'il
|
0-0: Called Strike 0-1: Ball 1-1: Ball 2-1: SINGLE (Groundball, 6D, EV 103.8 MPH) Bartholomeu Chambino scores Larry Martell to third Shiro Suehiro to second Runner from 3rd tries for Home, SAFE, throw by CF to home
|
|
Batting: RHB Geni Prawiranega
|
0-0: Ball 1-0: Ball 2-0: Fly out, F7 (Flyball, 7S, EV 91.2 MPH)
|
|
Batting: RHB Ryan Neal
|
0-0: Fly out, F8 (Line Drive, 8RD, EV 90.6 MPH)
|
| Bottom of the 1st over - 4 runs, 4 hits, 0 errors, 2 left on base; Montreal 4 - New York 4 |
| TOP OF THE 2ND |
|
Montreal Expos batting - Pitching for New York Yankees : RHP Bryce Cleavinger
|
|
Batting: RHB Tommy Mize
|
0-0: Ball 1-0: Fly out, F9 (Line Drive, 9S, EV 108.8 MPH)
|
|
Batting: LHB Bill McGregor
|
0-0: Ball 1-0: Swinging Strike 1-1: Ball 2-1: Foul Ball, location: 2F 2-2: Strikes out looking
|
|
Batting: LHB Mark Marvin
|
0-0: Called Strike 0-1: Ball 1-1: Ball 2-1: Ball 3-1: Base on Balls
|
|
Batting: SHB Joey Pacheco
|
0-0: Foul Ball, location: 2F 0-1: Ball 1-1: Foul Ball, location: 2F 1-2: Strikes out looking
|
| Top of the 2nd over - 0 runs, 0 hits, 0 errors, 1 left on base; Montreal 4 - New York 4 |
| BOTTOM OF THE 2ND |
|
New York Yankees batting - Pitching for Montreal Expos : LHP Brian White
|
|
Batting: RHB Russ Shambaugh
|
0-0: Foul Ball, location: 2F 0-1: Foul Ball, location: 2F 0-2: Ball 1-2: Ball 2-2: Ground out 6-3 (Groundball, 6, EV 80.6 MPH)
|
|
Batting: RHB Jeckel Hester
|
0-0: Ball 1-0: Ball 2-0: SINGLE (Groundball, 34D, EV 103.8 MPH)
|
|
Batting: SHB Bartholomeu Chambino
|
0-0: Foul Ball, location: 2F 0-1: SINGLE (Flyball, 34D, EV 90.6 MPH) Jeckel Hester to second
|
|
Batting: RHB Larry Martell
|
0-0: Ball Jeckel Hester steals 3rd base Bartholomeu Chambino to second 1-0: Fly out, F9 (Flyball, 9, EV 93.1 MPH)
|
|
Batting: SHB Gus Berry
|
0-0: Called Strike 0-1: Foul Ball, location: 2F 0-2: Ball 1-2: Ball 2-2: Strikes out swinging
|
| Bottom of the 2nd over - 0 runs, 2 hits, 0 errors, 2 left on base; Montreal 4 - New York 4 |
| TOP OF THE 3RD |
|
Montreal Expos batting - Pitching for New York Yankees : RHP Bryce Cleavinger
|
|
Batting: LHB Austin Ohmer
|
0-0: Ball 1-0: Ball 2-0: Foul Ball, location: 2F 2-1: Foul Ball, location: 2F 2-2: Foul Ball, location: 2F 2-2: Fly out, F7 (Flyball, 7, EV 96.2 MPH)
|
|
Batting: RHB Steve French
|
0-0: Ball 1-0: Called Strike 1-1: Ball 2-1: Ground out U3 (Groundball, 3, EV 84.4 MPH)
|
|
Batting: SHB Lou Kroneman
|
0-0: Ground out 4-3 (Groundball, 4, EV 85.0 MPH)
|
| Top of the 3rd over - 0 runs, 0 hits, 0 errors, 0 left on base; Montreal 4 - New York 4 |
| BOTTOM OF THE 3RD |
|
New York Yankees batting - Pitching for Montreal Expos : LHP Brian White
|
|
Batting: RHB Shiro Suehiro
|
0-0: Ball 1-0: Called Strike 1-1: Ball 2-1: Foul Ball, location: 2F 2-2: Ball 3-2: Fly out, F8 (Flyball, 8LD, EV 83.1 MPH)
|
|
Batting: SHB Mukhtar Wa'il
|
0-0: Called Strike 0-1: Foul Ball, location: 2F 0-2: Ball 1-2: Ball 2-2: Foul Ball, location: 2F 2-2: Fly out, F9 (Flyball, 9D, EV 97.5 MPH)
|
|
Batting: RHB Geni Prawiranega
|
0-0: Ball 1-0: Ball 2-0: Foul Ball, location: 2F 2-1: Ball 3-1: Ground out 4-3 (Groundball, 4, EV 77.5 MPH)
|
| Bottom of the 3rd over - 0 runs, 0 hits, 0 errors, 0 left on base; Montreal 4 - New York 4 |
| TOP OF THE 4TH |
|
Montreal Expos batting - Pitching for New York Yankees : RHP Bryce Cleavinger
|
|
Batting: RHB John Ham
|
0-0: Ball 1-0: Called Strike 1-1: Ball 2-1: Ball 3-1: Fly out, F9 (Flyball, 9LM, EV 93.8 MPH)
|
|
Batting: RHB Tommie Eaton
|
0-0: SOLO HOME RUN (Flyball, 9D, EV 98.1 MPH), Distance : 379 ft
|
|
Pitching: RHP Chris McCoy
|
|
|
Batting: RHB Tommy Mize
|
0-0: Called Strike 0-1: Swinging Strike 0-2: Ball 1-2: Strikes out looking
|
|
Batting: LHB Bill McGregor
|
0-0: Called Strike 0-1: Fly out, F7 (Flyball, 7D, EV 88.8 MPH)
|
| Top of the 4th over - 1 run, 1 hit, 0 errors, 0 left on base; Montreal 5 - New York 4 |
| BOTTOM OF THE 4TH |
|
New York Yankees batting - Pitching for Montreal Expos : LHP Brian White
|
|
Batting: RHB Ryan Neal
|
0-0: Ball 1-0: Foul Ball, location: 2F 1-1: Swinging Strike 1-2: Ground out 6-3 (Groundball, 6, EV 88.1 MPH)
|
|
Batting: RHB Russ Shambaugh
|
0-0: Called Strike 0-1: Ball 1-1: Fly out, F8 (Flyball, 8RM, EV 86.2 MPH)
|
|
Batting: RHB Jeckel Hester
|
0-0: Swinging Strike 0-1: Ball 1-1: Ground out 4-3 (Groundball, 4, EV 83.8 MPH)
|
| Bottom of the 4th over - 0 runs, 0 hits, 0 errors, 0 left on base; Montreal 5 - New York 4 |
| TOP OF THE 5TH |
|
Montreal Expos batting - Pitching for New York Yankees : RHP Chris McCoy
|
|
Batting: LHB Mark Marvin
|
0-0: Ball 1-0: Called Strike 1-1: Ball 2-1: Ball 3-1: Fly out, F8 (Flyball, 8RM, EV 75.0 MPH)
|
|
Batting: SHB Joey Pacheco
|
0-0: Ball 1-0: Swinging Strike 1-1: Ball 2-1: Called Strike 2-2: Ball 3-2: SINGLE (Line Drive, 7S, EV 100.0 MPH)
|
|
Batting: LHB Austin Ohmer
|
0-0: Foul Ball, location: 2F 0-1: Ball 1-1: Ball 2-1: Foul Ball, location: 2F 2-2: Ball 3-2: Base on Balls Joey Pacheco to second
|
|
Batting: RHB Steve French
|
0-0: Grounds into double play, 5-4-3 (Groundball, 56S, EV 91.9 MPH)
|
| Top of the 5th over - 0 runs, 1 hit, 0 errors, 1 left on base; Montreal 5 - New York 4 |
| BOTTOM OF THE 5TH |
|
New York Yankees batting - Pitching for Montreal Expos : LHP Brian White
|
|
Batting: SHB Bartholomeu Chambino
|
0-0: Called Strike 0-1: Swinging Strike 0-2: Ball 1-2: Strikes out swinging
|
|
Batting: RHB Larry Martell
|
0-0: Ball 1-0: Swinging Strike 1-1: Ground out 4-3 (Groundball, 34, EV 81.9 MPH)
|
|
Batting: SHB Gus Berry
|
0-0: Ball 1-0: Ball 2-0: Called Strike 2-1: Fly out, F9 (Flyball, 9S, EV 87.5 MPH)
|
| Bottom of the 5th over - 0 runs, 0 hits, 0 errors, 0 left on base; Montreal 5 - New York 4 |
| TOP OF THE 6TH |
|
Montreal Expos batting - Pitching for New York Yankees : RHP Chris McCoy
|
|
Batting: SHB Lou Kroneman
|
0-0: Called Strike 0-1: Ball 1-1: Ball 2-1: SINGLE (Groundball, 3D, EV 103.8 MPH)
|
|
Batting: RHB John Ham
|
0-0: Called Strike 0-1: Foul Ball, location: 2F 0-2: Fly out, F7 (Flyball, 7LS, EV 91.9 MPH)
|
|
Batting: RHB Tommie Eaton
|
0-0: Called Strike 0-1: Ball 1-1: Ball 2-1: Grounds into double play, 6-4-3 (Groundball, 6, EV 81.2 MPH)
|
| Top of the 6th over - 0 runs, 1 hit, 0 errors, 0 left on base; Montreal 5 - New York 4 |
| BOTTOM OF THE 6TH |
|
New York Yankees batting - Pitching for Montreal Expos : LHP Brian White
|
|
Batting: RHB Shiro Suehiro
|
0-0: Ball 1-0: Ball 2-0: Ball 3-0: Called Strike 3-1: Fly out, F8 (Line Drive, 8RM, EV 90.6 MPH)
|
|
Batting: SHB Mukhtar Wa'il
|
0-0: Ball 1-0: Foul Ball, location: 2F 1-1: SINGLE (Groundball, 6D, EV 101.9 MPH)
|
|
Batting: RHB Geni Prawiranega
|
0-0: Ball 1-0: DOUBLE (Line Drive, 7LS, EV 95.0 MPH) Mukhtar Wa'il to third Runner from 3rd tries for Home, SAFE, no throw by LF
|
|
Pitching: LHP Tris Ross
|
|
|
Batting: RHB Ryan Neal
|
0-0: Ball 1-0: Foul Ball, location: 2F 1-1: Ball 2-1: Ball 3-1: Called Strike 3-2: Base on Balls
|
|
Batting: RHB Russ Shambaugh
|
0-0: Called Strike 0-1: Ball 1-1: Ball 2-1: Ball 3-1: Called Strike 3-2: Strikes out swinging
|
|
Batting: RHB Jeckel Hester
|
0-0: Ball 1-0: Swinging Strike 1-1: Foul Ball, location: 2F 1-2: Strikes out swinging
|
| Bottom of the 6th over - 1 run, 2 hits, 0 errors, 2 left on base; Montreal 5 - New York 5 |
| TOP OF THE 7TH |
|
Montreal Expos batting - Pitching for New York Yankees : RHP Chris McCoy
|
|
Pitching: LHP Julio Gonzalez
|
|
|
Batting: RHB Tommy Mize
|
0-0: Ball 1-0: Called Strike 1-1: Called Strike 1-2: Ground out 4-3 (Groundball, 4, EV 103.1 MPH)
|
|
Pinch Hitting: RHB Danny Diaz
|
0-0: Ball 1-0: Called Strike 1-1: Swinging Strike 1-2: Strikes out looking
|
|
Pinch Hitting: RHB Jonathan Fraire
|
0-0: Ball 1-0: Ball 2-0: Called Strike 2-1: SINGLE (Groundball, 6M, EV 103.1 MPH) (infield hit)
|
|
Batting: SHB Joey Pacheco
|
0-0: Ball 1-0: Called Strike 1-1: Ball Jonathan Fraire steals 2nd base 2-1: Swinging Strike 2-2: Ball 3-2: Strikes out looking
|
| Top of the 7th over - 0 runs, 1 hit, 0 errors, 1 left on base; Montreal 5 - New York 5 |
| BOTTOM OF THE 7TH |
|
New York Yankees batting - Pitching for Montreal Expos : LHP Tris Ross
|
|
Now at 1B: Lou Kroneman
|
|
|
Now at 2B: Danny Diaz
|
|
|
Now in RF: Jonathan Fraire
|
|
|
Batting: SHB Bartholomeu Chambino
|
0-0: Called Strike 0-1: Ground out 6-3 (Groundball, 56, EV 80.6 MPH)
|
|
Batting: RHB Larry Martell
|
0-0: Called Strike 0-1: Called Strike 0-2: Ball 1-2: Foul Ball, location: 2F 1-2: Strikes out looking
|
|
Batting: SHB Gus Berry
|
0-0: Ball 1-0: Foul Ball, location: 2F 1-1: Ball 2-1: Ball 3-1: Base on Balls
|
|
Batting: RHB Shiro Suehiro
|
0-0: Called Strike 0-1: SINGLE (Line Drive, 7S, EV 95.0 MPH) Gus Berry to second
|
|
Batting: SHB Mukhtar Wa'il
|
0-0: Ball 1-0: Called Strike 1-1: Ball 2-1: SINGLE (Flyball, 3D, EV 95.0 MPH) Gus Berry to third Shiro Suehiro to second Runner from 3rd tries for Home, SAFE, throw by RF to home
|
|
Batting: RHB Geni Prawiranega
|
0-0: Foul Ball, location: 2F 0-1: Called Strike 0-2: Strikes out swinging
|
| Bottom of the 7th over - 1 run, 2 hits, 0 errors, 2 left on base; Montreal 5 - New York 6 |
| TOP OF THE 8TH |
|
Montreal Expos batting - Pitching for New York Yankees : LHP Julio Gonzalez
|
|
Batting: LHB Austin Ohmer
|
0-0: Ball 1-0: Foul Ball, location: 2F 1-1: Ball 2-1: Ground out 4-3 (Groundball, 4, EV 108.8 MPH)
|
|
Batting: RHB Steve French
|
0-0: Ball 1-0: Ball 2-0: Foul Ball, location: 2F 2-1: Foul Ball, location: 2F 2-2: Fly out, F7 (Line Drive, 7, EV 92.5 MPH)
|
|
Batting: SHB Lou Kroneman
|
0-0: Swinging Strike 0-1: Foul Ball, location: 2F 0-2: Ball 1-2: Ball 2-2: Ball 3-2: Base on Balls
|
|
Batting: RHB John Ham
|
0-0: Swinging Strike 0-1: Swinging Strike 0-2: Strikes out swinging
|
| Top of the 8th over - 0 runs, 0 hits, 0 errors, 1 left on base; Montreal 5 - New York 6 |
| BOTTOM OF THE 8TH |
|
New York Yankees batting - Pitching for Montreal Expos : LHP Tris Ross
|
|
Pitching: RHP Zack Rust
|
|
|
Batting: RHB Ryan Neal
|
0-0: Called Strike 0-1: Ball 1-1: Ball 2-1: Fly out, F8 (Line Drive, 8LM, EV 94.4 MPH)
|
|
Batting: RHB Russ Shambaugh
|
0-0: Foul Ball, location: 2F 0-1: Swinging Strike 0-2: Ball 1-2: Ball 2-2: Strikes out swinging
|
|
Batting: RHB Jeckel Hester
|
0-0: Ball 1-0: Called Strike 1-1: Ball 2-1: Called Strike 2-2: Foul Ball, location: 2F 2-2: Foul Ball, location: 2F 2-2: Ball 3-2: Base on Balls
|
|
Batting: SHB Bartholomeu Chambino
|
0-0: Ball 1-0: Ball Jeckel Hester steals 2nd, throwing error, E2 Jeckel Hester to third 2-0: Called Strike 2-1: Called Strike 2-2: Strikes out swinging
|
| Bottom of the 8th over - 0 runs, 0 hits, 1 error, 1 left on base; Montreal 5 - New York 6 |
| TOP OF THE 9TH |
|
Montreal Expos batting - Pitching for New York Yankees : LHP Julio Gonzalez
|
|
Pitching: RHP Brad Kramer
|
|
|
Batting: RHB Tommie Eaton
|
0-0: Ball 1-0: Ball 2-0: Foul Ball, location: 2F 2-1: Foul Ball, location: 2F 2-2: Strikes out swinging
|
|
Batting: RHB Tommy Mize
|
0-0: Ground out 6-3 (Groundball, 6, EV 76.2 MPH)
|
|
Batting: RHB Danny Diaz
|
0-0: Swinging Strike 0-1: Foul Ball, location: 2F 0-2: Ball 1-2: Foul Ball, location: 2F 1-2: Foul Ball, location: 2F 1-2: Strikes out swinging
|
| Top of the 9th over - 0 runs, 0 hits, 0 errors, 0 left on base; Montreal 5 - New York 6 |
|